 Dungeon Sprint DCSS version 0.30-a0-475-g03497ec522 (webtiles) character file.

Game seed: 7747890944395384034

1482 rocky1 the Fencer (level 8, 0/65 HPs)
             Began as a Merfolk Gladiator on Dec 21, 2022.
             Was an Initiate of Gozag.
             Slain by a two-headed ogre
             ... wielding a +0 dire flail
              (20 damage)
             ... in the Dungeon (Sprint III: "The Ten Rune Challenge").
             The game lasted 00:05:01 (954 turns).

rocky1 the Fencer (Merfolk Gladiator)                Turns: 954, Time: 00:05:01

Health: 0/65       AC:  5    Str: 13    XL:     8   Next: 79%
Magic:  7/7        EV: 18    Int:  7    God:    Gozag
Gold:   1011       SH:  0    Dex: 21    Spells: 7/7 levels left

rFire   . . .      SeeInvis .    a - +0 long sword
rCold   . . .      Faith    .    (no shield)
rNeg    . . .      Spirit   .    m - +0 leather armour
rPois   .          Reflect  .    c - +0 helmet
rElec   .          Harm     .    g - +0 cloak
rCorr   .          Rampage  .    (no gloves)
Will    .....      NoTele   +    (no boots)
Stlth   ++++......               (no amulet)
HPRegen 0.30/turn                (no ring)
MPRegen 0.10/turn                (no ring)

@: gold aura
A: (nimble swimmer 2), mertail, agile 1, low MP 1
a: Renounce Religion, Potion Petition, Call Merchant, Bribe Branch


You were in the Dungeon.
You worshipped Gozag.
Gozag was most pleased with you.
You visited 1 branch You collected 1011 gold pieces.

Inventory:

Hand Weapons
 a - a +0 long sword (weapon)
 b - a +0 vampiric dagger
 v - a +0 long sword of holy wrath
Missiles
 d - 2 throwing nets (quivered)
 e - a javelin
Armour
 c - a +0 helmet (worn)
 g - a +0 cloak (worn)
 m - a +0 leather armour (worn)
 y - a +0 ring mail
Scrolls
 k - a scroll of blinking
 n - a scroll of vulnerability {unknown}
 o - a scroll of immolation {unknown}
 p - a scroll of identify {unknown}
 r - a scroll of poison {unknown}
 s - a scroll of enchant armour {unknown}
Potions
 f - a potion of curing
 h - a potion of haste
 i - 2 potions of magic
 l - a potion of degeneration {unknown}
 q - 2 potions of flight {unknown}
 t - 5 potions of mutation
 u - 2 potions of heal wounds
 w - a potion of berserk rage
 x - a potion of might
Miscellaneous
 j - a tin of tremorstones (2/2)


   Skills:
 + Level 6.7 Fighting
 + Level 2.8(10.2) Short Blades
 + Level 15.1(15.2) Long Blades
 - Level 2.0 Throwing
 + Level 8.7 Dodging
 + Level 7.7 Stealth
 + Level 9.5 Evocations


You had 7 spell levels left.
You didn't know any spells.
Your spell library contained the following spells:

 Spells                   Type           Power      Damage    Failure   Level
 Scorch                   Fire           0%         2d5       65%         2
 Stone Arrow              Conj/Erth      0%         3d7       87%         3
 Animate Armour           Summ/Erth      0%         N/A       99%         4
 Flame Wave               Conj/Fire      0%         2d4       99%         4
 Summon Cactus Giant      Summ           0%         N/A       100%        6
 Lehudib's Crystal Spear  Conj/Erth      0%         10d2      100%        8


Dungeon Overview and Level Annotations

Branches:
Dungeon (1/1)

Altars:
Cheibriados
Dithmenos
Elyvilon
Fedhas
Gozag
Hepliaklqana
Kikubaaqudgha
Makhleb
Nemelex Xobeh
Okawaru
Qazlal
Ru
Sif Muna
Trog
Uskayaw
Vehumet
Wu Jian
Xom
Yredelemnul
Zin
The Shining One
Jiyva
Lugonu


Innate Abilities, Weirdness & Mutations

((You are very nimble when in or above water. (Stealth+, EV+, Speed+++)))
Your lower body shifts to a powerful aquatic tail in water.
You are agile. (Dex +4, Str/Int -1)
Your magical capacity is low. (-10% MP)


Message History

The two-headed ogre closely misses you. The two-headed ogre misses you.
You hit the two-headed ogre.
The two-headed ogre is lightly wounded.
You barely miss the two-headed ogre.
The two-headed ogre is lightly wounded.
The two-headed ogre misses you.
The two-headed ogre hits you with a +0 giant club.
You slash the two-headed ogre!
The two-headed ogre is moderately wounded.
You slash the two-headed ogre!
The two-headed ogre is moderately wounded.
The two-headed ogre hits you with a +0 dire flail!!
The two-headed ogre completely misses you.
You hit the two-headed ogre.
The two-headed ogre is heavily wounded.
You hit the two-headed ogre but do no damage.
The two-headed ogre is heavily wounded.
You slash the two-headed ogre!
The two-headed ogre is heavily wounded.
The two-headed ogre hits you with a +0 dire flail.
The two-headed ogre closely misses you.
You hit the two-headed ogre.
The two-headed ogre is heavily wounded.
You slash the two-headed ogre!
The two-headed ogre is severely wounded.
The two-headed ogre misses you. The two-headed ogre barely misses you.
You hit the two-headed ogre but do no damage.
The two-headed ogre is severely wounded.
You barely miss the two-headed ogre.
The two-headed ogre is severely wounded.
The two-headed ogre hits you with a +0 dire flail!
The two-headed ogre completely misses you.
You hit the two-headed ogre.
The two-headed ogre is severely wounded.
You hit the two-headed ogre.
The two-headed ogre is severely wounded.
The two-headed ogre misses you.
The two-headed ogre hits you with a +0 giant club!!
You die...
Your body crumbles into a pile of gold.

#'###'## $ .......#
$ $ .......# $$ $
######'# $$ $
#__#...#+###########
#__#...#....#)#)#..
#__#...##.#.)#.##.#
#__#...'##.#.#.##O#
#__'...#...#..#.@#
▓▓▓▓▓▓▓▓▓▓▓▓▓▓▓▓▓▓ $
$


You could see a two-headed ogre.

Vanquished Creatures
  A deep elf pyromancer (D)
  A shadow (D)
  A spatial vortex (D)
  3 two-headed ogres (D)
  A necrophage (D)
  A water elemental (D)
  Crazy Yiuf (D)
  A jelly (D)
  A wizard (D)
  Jessica (D)
  A necromancer (D)
  A kobold demonologist (D)
  3 humans (D)
  3 rats (D)
20 creatures vanquished.

Notes
Turn   | Place    | Note
-------+----------+-------------------------------------------
     0 | D        | rocky1 the Merfolk Gladiator began the quest for the Orb.
     0 | D        | Reached XP level 1. HP: 16/16 MP: 1/1
     4 | D        | Reached skill level 4 in Long Blades
    11 | D        | Noticed Jessica
    16 | D        | Killed Jessica
    17 | D        | Reached skill level 7 in Long Blades
    17 | D        | Reached skill level 1 in Stealth
    17 | D        | Reached XP level 2. HP: 8/22 MP: 2/2
    17 | D        | Reached XP level 3. HP: 9/27 MP: 3/3
   115 | D        | Noticed Crazy Yiuf
   164 | D        | Reached skill level 8 in Long Blades
   167 | D        | Killed Crazy Yiuf
   168 | D        | Reached skill level 5 in Dodging
   168 | D        | Reached XP level 4. HP: 28/36 MP: 4/4
   228 | D        | Gained mutation: You are agile. (Dex +4, Str/Int -1)
                  | [potion of mutation]
   228 | D        | Gained mutation: Your magical capacity is low. (-10% MP)
                  | [potion of mutation]
   241 | D        | Noticed a water elemental
   247 | D        | Killed a water elemental
   248 | D        | Reached skill level 9 in Long Blades
   248 | D        | Reached XP level 5. HP: 25/43 MP: 4/4
   451 | D        | Noticed a shadow
   453 | D        | Killed a shadow
   454 | D        | Reached skill level 10 in Long Blades
   454 | D        | Reached XP level 6. HP: 53/53 MP: 5/5
   463 | D        | Found a blossoming altar of Fedhas.
   463 | D        | Found a stormy altar of Qazlal.
   463 | D        | Found a snail-covered altar of Cheibriados.
   463 | D        | Found a burning altar of Makhleb.
   463 | D        | Found a shimmering altar of Xom.
   463 | D        | Noticed a spatial vortex
   464 | D        | Found a hazy altar of Hepliaklqana.
   464 | D        | Found an opulent altar of Gozag.
   464 | D        | Found a sparkling altar of Nemelex Xobeh.
   464 | D        | Found a corrupted altar of Lugonu.
   464 | D        | Found a viscous altar of Jiyva.
   469 | D        | Became a worshipper of Gozag Ym Sagoz the Greedy
   681 | D        | Killed a spatial vortex
   682 | D        | Reached skill level 11 in Long Blades
   682 | D        | Reached XP level 7. HP: 23/59 MP: 6/6
   810 | D        | Found a radiant altar of Vehumet.
   810 | D        | Found a shimmering blue altar of Sif Muna.
   810 | D        | Found an ancient bone altar of Kikubaaqudgha.
   822 | D        | Noticed a rust devil
   855 | D        | Found a basalt altar of Yredelemnul.
   855 | D        | Found a shadowy altar of Dithmenos.
   855 | D        | Found a sacrificial altar of Ru.
   859 | D        | Reached skill level 12 in Long Blades
   859 | D        | Reached skill level 5 in Evocations
   873 | D        | Found a glowing silver altar of Zin.
   873 | D        | Found a glowing golden altar of the Shining One.
   873 | D        | Found a white marble altar of Elyvilon.
   874 | D        | Noticed a deep elf pyromancer
   876 | D        | Killed a deep elf pyromancer
   877 | D        | Reached skill level 14 in Long Blades
   877 | D        | Reached XP level 8. HP: 65/65 MP: 7/7
   886 | D        | Found a hide-covered altar of Uskayaw.
   886 | D        | Found an iron altar of Okawaru.
   886 | D        | Found a bloodstained altar of Trog.
   886 | D        | Found an ornate altar of the Wu Jian Council.
   921 | D        | Reached skill level 1 in Short Blades
   923 | D        | Reached skill level 15 in Long Blades
   938 | D        | Noticed a two-headed ogre
   954 | D        | Slain by a two-headed ogre

Illustrated notes

Levels and vault maps discovered:
D:        dungeon_sprint_mu [sprint_mu_entry_forest, sprint_mu_temple_rooms,
          sprint_mu_d1_spiders, sprint_mu_d2_genie, sprint_mu_d3_branching,
          sprint_mu_orc_legion, sprint_mu_elf_gauntlet, sprint_mu_hive_nellie,
          sprint_mu_lair_fedhas, sprint_mu_vaults_butterflies,
          sprint_mu_slime_circle, sprint_mu_shoals_kraken,
          sprint_mu_snake_twists, sprint_mu_blade_basic,
          sprint_mu_crypt_chambers, sprint_mu_tomb_spiral,
          sprint_mu_vestibule_basic, sprint_mu_gehenna_hellfire,
          sprint_mu_dis_giant, sprint_mu_tartarus_statrot,
          sprint_mu_cocytus_islands, sprint_mu_zot1]

Skill      XL: |  1  2  3  4  5  6  7  8 |
---------------+-------------------------+-----
Long Blades    | 7 8 9 10 11 14 15 | 15.1
Stealth        | 1 3 4 6 7 |  7.7
Fighting       | 3 4 6 |  6.7
Dodging        | 5 6 8 |  8.7
Evocations     | 3 8 9 |  9.5
Short Blades   | 2 |  2.8
Throwing       | |  2.0

Action                   |  1- 3 |  4- 6 |  7- 9 || total
-------------------------+-------+-------+-------++-------
Melee: Long sword        |    27 |    22 |    27 ||    76
       Tailslap          |     1 |       |       ||     1
       Dagger            |       |     1 |     8 ||     9
       Punch             |       |       |     1 ||     1
Throw: Throwing net      |     3 |       |       ||     3
  Use: Potion            |     1 |     2 |       ||     3
 Stab: Sleeping          |     1 |     1 |     8 ||    10
Armor: Leather armour    |     2 |       |     4 ||     6
Dodge: Dodged            |    15 |     7 |    33 ||    55

Table legend: (Time is in decaauts)
 A = Elapsed time spent in this place.
 B = Non-inter-level travel time spent in this place.
 C = Inter-level travel time spent in this place.
 D = Time resting spent in this place.
 E = Time spent auto-exploring this place.
 F = Levels seen in this place.
 G = Mean time per level.
                   A        B        C        D        E       F      G
               +--------+--------+--------+--------+--------+-----+--------+
         Total |    932 |    932 |      0 |    560 |      1 |   1 |  932.0 |
       Dungeon |    932 |    932 |      0 |    560 |      1 |   1 |  932.0 |
               +--------+--------+--------+--------+--------+-----+--------+

Top non-repeatable levels by time:
       D: 932 daAuts
